Map: World of Sleepers LE

Players

Mez - Winner!

  • Race: Terran Terran
  • League: Master
  • Spawn Location: 1:00

MogarFNSMASH

  • Race: Terran Terran
  • League: Master
  • Spawn Location: 7:00

VOD

Have the link to the VOD?

Description

Time

  • Played on: Sept. 3, 2019, 1:41 a.m.
  • Length: 4:50
Show
View Real Time Build Order
Export as new Build Order

Mez Terran - Winner!

Build Orders: Gas First Reaper Expand, Hellion Opening 

Get SALT Encoding   

  12  0:00  SCV  
  13  0:13  SCV  
  14  0:17  Supply Depot  
  14  0:25  SCV  
  14  0:28  Refinery  
  15  0:38  SCV  
  16  0:45  Barracks  
  16  0:50  SCV  
  17  1:03  SCV  
  18  1:15  SCV  
  19  1:32  Orbital Command, Reaper  
  20  1:43  Command Center  
  20  1:53  Factory  
  20  1:58  SCV  
  21  2:07  Barracks Reactor  
  21  2:08  Supply Depot  
  21  2:12  SCV  
  22  2:17  Refinery  
  22  2:24  SCV  
  23  2:36  SCV  
  24  2:45  Starport  
  24  2:48  SCV  
  25  2:52  Hellion, Barracks Tech Lab  
  25  2:53  Hellion  
  29  3:00  Orbital Command  
  30  3:11  Marauder  
  31  3:17  Hellion x2  
  35  3:20  Concussive Shells  
  35  3:24  Medivac  
  37  3:32  Marauder  
  39  3:38  Hellion x2  
  43  3:43  Supply Depot  
  43  3:45  SCV x2  
  45  3:55  Starport Tech Lab  
  45  4:06  SCV x2  
  45  4:08  Cyclone  
  45  4:09  Marine x2  
  51  4:12  Supply Depot  
Show
View Real Time Build Order
Export as new Build Order

MogarFNSMASH Terran 

Build Orders:  

Get SALT Encoding   

  12  0:00  SCV  
  13  0:13  SCV  
  14  0:17  Supply Depot  
  14  0:25  SCV  
  14  0:27  Refinery  
  15  0:38  SCV  
  16  0:45  Barracks  
  16  0:50  SCV  
  17  1:02  SCV  
  18  1:15  SCV  
  20  1:32  Orbital Command, Reaper  
  20  1:47  Command Center  
  20  1:59  Factory  
  20  2:03  SCV  
  20  2:06  Barracks Reactor  
  21  2:15  SCV  
  22  2:16  Supply Depot  
  22  2:21  Refinery  
  22  2:27  SCV  
  22  2:39  SCV  
  23  2:47  Starport  
  23  2:51  SCV  
  23  2:52  Hellion  
  23  2:54  Hellion  
  23  2:58  Barracks Tech Lab  
  28  3:03  SCV  
  29  3:10  Orbital Command  
  29  3:16  SCV  
  29  3:17  Hellion  
  32  3:21  Hellion  
  34  3:28  SCV  
  35  3:36  SCV  
  35  3:38  Raven, Supply Depot  
  35  3:40  SCV  
  40  3:48  SCV  
  40  3:50  Marine  
  40  3:52  Marine, Factory Tech Lab  
  40  3:53  SCV  
  43  4:00  SCV  
  43  4:02  Supply Depot  
  44  4:05  SCV  
  44  4:08  Marine  
  46  4:10  Marine, Cyclone  
  46  4:12  SCV  
  51  4:17  SCV  
  52  4:24  SCV  
  52  4:29  SCV  
  52  4:30  Starport Reactor  
  52  4:36  SCV  
Tags
 
Add a new tag
Caveats
  • Supply blocks, unpowered buildings, or Contaminate may cause inaccurate times.
  • Supply counts are checked every 10 seconds.